Map: Rainfall LE

Players

Fjant

  • Race: Zerg Zerg
  • League: Grandmaster

Lambo - Winner!

  • Race: Zerg Zerg
  • League: Grandmaster

VOD

Have the link to the VOD?

Description

Time

  • Played on: June 23, 2026, 2:33 p.m.
  • Length: 7:01
Show
View Real Time Build Order
Export as new Build Order

Fjant Zerg 

Build Orders: Pool First 

Get SALT Encoding   

  8  0:00  Drone  
  9  0:10  Drone  
  10  0:16  Drone  
  11  0:21  Drone  
  12  0:32  Overlord  
  12  0:39  Extractor, Drone  
  13  0:51  Drone  
  13  0:52  Drone  
  15  0:58  Drone  
  16  1:06  Spawning Pool  
  16  1:10  Drone  
  16  1:17  Drone  
  17  1:33  Hatchery  
  17  1:38  Drone  
  17  1:42  Extractor  
  16  1:52  Zergling x4  
  18  1:56  Queen  
  20  2:02  Overlord  
  20  2:09  Extractor, Drone  
  21  2:23  Drone  
  21  2:29  Drone  
  23  2:34  Queen  
  25  2:37  Drone  
  26  2:46  Drone  
  26  2:48  Metabolic Boost  
  27  2:54  Overlord  
  27  2:55  Drone x2  
  29  3:08  Drone  
  29  3:12  Zergling x4  
  31  3:13  Zergling x4  
  31  3:16  Zergling x2  
  34  3:25  Overlord  
  34  3:26  Drone  
  34  3:37  Drone, Overlord  
  35  3:43  Hatchery  
  35  3:46  Drone  
  35  3:51  Zergling x8  
  39  3:56  Drone  
  39  3:57  Drone  
  39  4:02  Zergling x4  
  43  4:09  Zergling x6  
  46  4:15  Zergling x2  
  46  4:19  Extractor, Zergling x2  
  46  4:20  Zergling x6  
  46  4:23  Zergling x4  
  48  4:41  Zergling x10  
  49  4:49  Roach Warren  
  48  4:58  Overlord  
  47  5:03  Drone  
  39  5:29  Roach x9  
  58  5:43  Roach x2  
  60  5:51  Roach  
  61  5:59  Roach  
  61  6:01  Zergling x2  
  61  6:02  Overlord  
  64  6:10  Queen x2  
  62  6:12  Zergling x2  
  62  6:13  Hatchery  
  62  6:18  Zergling x2  
  63  6:21  Zergling x4  
  65  6:26  Zergling x4  
  67  6:37  Roach  
Show
View Real Time Build Order
Export as new Build Order

Lambo Zerg - Winner!

Build Orders: Pool First 

Get SALT Encoding   

  8  0:00  Drone  
  9  0:11  Drone  
  10  0:16  Drone  
  10  0:21  Drone  
  12  0:32  Overlord  
  12  0:39  Extractor, Drone  
  13  0:50  Drone x2  
  15  0:58  Drone  
  16  1:06  Spawning Pool  
  16  1:10  Drone  
  16  1:18  Drone  
  17  1:34  Hatchery  
  17  1:37  Drone  
  17  1:40  Extractor  
  17  1:42  Drone  
  17  1:55  Queen  
  17  2:00  Overlord  
  19  2:05  Drone  
  20  2:09  Extractor, Drone  
  21  2:22  Zergling x2  
  22  2:28  Drone  
  23  2:30  Queen  
  23  2:33  Drone  
  26  2:43  Drone  
  27  2:46  Drone  
  28  2:52  Metabolic Boost  
  28  2:54  Zergling x2  
  28  2:57  Overlord  
  29  3:02  Drone x3  
  31  3:13  Drone  
  31  3:17  Drone x3  
  35  3:27  Hatchery  
  34  3:34  Baneling Nest, Zergling x2  
  34  3:37  Zergling x2  
  34  3:38  Zergling x2  
  34  3:41  Zergling x2  
  36  3:43  Overlord  
  36  3:46  Zergling x2  
  37  3:51  Zergling x4  
  37  3:55  Zergling x2  
  40  3:59  Overlord  
  40  4:01  Overlord  
  40  4:04  Zergling x2  
  40  4:08  Zergling x4  
  42  4:18  Drone x3  
  42  4:19  Zergling x2  
  46  4:27  Baneling  
  46  4:28  Baneling x2  
  46  4:32  Zergling x6  
  46  4:35  Drone x2  
  50  4:38  Baneling  
  50  4:41  Drone  
  50  4:44  Zergling x4  
  52  4:48  Extractor, Drone  
  52  4:49  Roach Warren  
  52  4:51  Drone  
  52  4:57  Drone x5  
  53  5:14  Zergling x2  
  53  5:15  Zergling x6  
  53  5:18  Hatchery  
  53  5:19  Drone x2  
  54  5:30  Baneling  
  54  5:34  Zergling x12  
  60  5:38  Drone  
  60  5:39  Lair  
  60  5:40  Extractor  
  59  5:44  Roach  
  62  5:52  Hatchery  
  62  5:53  Overlord  
  62  5:54  Roach x2  
  62  5:59  Overlord  
  62  6:02  Overlord  
  62  6:07  Baneling  
  62  6:08  Baneling, Roach  
  63  6:13  Roach  
  63  6:14  Roach x3  
  63  6:17  Overlord  
  71  6:20  Queen  
  71  6:25  Roach  
  75  6:26  Roach  
  77  6:36  Roach x6  
Tags
 
Add a new tag
Caveats
  • Supply blocks, unpowered buildings, or Contaminate may cause inaccurate times.
  • Supply counts are checked every 10 seconds.